 Dungeon Crawl Stone Soup version 0.22-a0-455-ga0624bf (webtiles) character file.

648 galech the Skirmisher (level 7, -9/114 HPs)
             Began as an Ogre Berserker on June 5, 2018.
             Was a Believer of Trog.
             Mangled by a two-headed ogre
             ... wielding a +0 giant club
              (24 damage)
             ... on level 4 of the Dungeon.
             The game lasted 00:04:26 (4059 turns).

galech the Skirmisher (Ogre Berserker)              Turns: 4059, Time: 00:04:26

Health: -9/114     AC:  3    Str: 29    XL:     7   Next: 53%
Magic:  7/7        EV: 11    Int:  8    God:    Trog [**....]
Gold:   196        SH:  0    Dex:  8    Spells: 6/6 levels left

rFire    + . .     SeeInvis .   a - +0 mace
rCold    . . .     Gourm    .   (no shield)
rNeg     . . .     Faith    .   b - +0 animal skin
rPois    .         Spirit   .   (helmet restricted)
rElec    .         Reflect  .   (no cloak)
rCorr    .         Harm     .   (gloves unavailable)
MR       .....                  (boots unavailable)
Stlth    ..........             (no amulet)
HPRegen  0.29/turn              l - ring of loudness (curse)
MPRegen  0.10/turn              p - ring of protection from fire

@: berserking, lethally poisoned (-9 -> -12), very quick
A: large, unfitting armour, tough skin 1
a: Berserk, Trog's Hand, Renounce Religion


You were on level 4 of the Dungeon.
You worshipped Trog.
Trog was pleased with you.
You were very hungry.

You visited 1 branch of the dungeon, and saw 4 of its levels.

You collected 196 gold pieces.

Inventory:

Hand Weapons
 a - a +0 mace (weapon)
 s - a +0 giant spiked club
Armour
 b - a +0 animal skin (worn)
Jewellery
 l - a cursed ring of loudness (left hand)
 p - a ring of protection from fire (right hand)
Scrolls
 d - 5 scrolls of identify {unknown}
 f - 4 scrolls of amnesia {unknown}
 h - 7 scrolls of remove curse {unknown}
 j - 4 scrolls of teleportation {unknown}
 o - a scroll of random uselessness {unknown}
 t - a scroll of immolation {unknown}
 u - 3 scrolls of enchant armour {unknown}
Potions
 e - 3 potions of curing {unknown}
 g - a potion of brilliance {unknown}
 i - 2 potions of ambrosia {unknown}
 k - 2 potions of agility {unknown}
 m - a potion of lignification {unknown}
 n - a potion of cancellation {unknown}
 q - a potion of flight {unknown}
 r - 2 potions of magic {unknown}
Comestibles
 c - 10 rations
 v - 5 chunks of flesh


   Skills:
 + Level 6.5 Fighting
 + Level 5.4 Maces & Flails
 + Level 4.7 Dodging
 + Level 0.7 Stealth


You had 6 spell levels left.
You didn't know any spells.
Your spell library was empty.

Dungeon Overview and Level Annotations

Branches:
Dungeon (4/15)             Temple (0/1) D:4

Altars:
Kikubaaqudgha
Vehumet


Innate Abilities, Weirdness & Mutations

You are too large for most types of armour.
You have tough skin. (AC +1)


Message History

You barely miss the two-headed ogre.
The two-headed ogre is heavily wounded.
The worker ant bites you.
The two-headed ogre closely misses you. x2
You closely miss the two-headed ogre.
The two-headed ogre is heavily wounded.
You feel sick. The worker ant barely misses you.
You thump the two-headed ogre!
The two-headed ogre is severely wounded.
You feel sick. The worker ant barely misses you.
The two-headed ogre hits you with a giant club!!
The two-headed ogre hits you with a giant spiked club!!
* * * LOW HITPOINT WARNING * * *
You sock the two-headed ogre!
The two-headed ogre is severely wounded.
The worker ant barely misses you.
You thump the two-headed ogre!
The two-headed ogre is almost dead.
You feel sick.
The two-headed ogre hits you with a giant club!!
You die...

#.......(>.#
#########...##....#
#..#.#..#...##....#
#............#....#
#.>.........##...##
#.......<...##...##
#..................
##...#########.....
#@### #.....
#...Oa...... #.....
#........... #.....
#........... #.....
#.(......... #.....
####...###.. #...##
##+## .


You could see a two-headed ogre and a worker ant.

Vanquished Creatures
  Sigmund (D:2)
  2 ogres (D:4)
  An orc priest (D:3)
  A hound (D:4)
  2 worker ants (D:4)
  Natasha (thrice) (D:2)
  6 adders
  2 oozes
  An adder skeleton (D:4)
  2 worms
  3 dart slugs
  3 leopard geckos
  5 orcs
  A giant cockroach (D:2)
  6 hobgoblins
  8 jackals
  3 quokkas
  3 ball pythons
  7 bats
  7 frilled lizards
  3 goblins (D:2)
  9 kobolds
  4 rats
83 creatures vanquished.

Notes
Turn   | Place    | Note
-------+----------+-------------------------------------------
     0 | D:1      | galech the Ogre Berserker began the quest for the Orb.
     0 | D:1      | Reached XP level 1. HP: 24/24 MP: 1/1
   177 | D:1      | Reached XP level 2. HP: 31/32 MP: 2/2
   652 | D:2      | Noticed Sigmund
   664 | D:2      | Killed Sigmund
   664 | D:2      | Reached skill level 5 in Fighting
   664 | D:2      | Reached XP level 3. HP: 33/42 MP: 3/3
   664 | D:2      | Reached XP level 4. HP: 40/50 MP: 4/4
   664 | D:2      | Reached XP level 5. HP: 45/57 MP: 5/5
  1359 | D:2      | Noticed Natasha
  1370 | D:2      | Killed Natasha
  1370 | D:2      | Reached XP level 6. HP: 35/67 MP: 6/6
  1568 | D:2      | Found a radiant altar of Vehumet.
  1635 | D:2      | Noticed Natasha
  1638 | D:2      | Killed Natasha
  1638 | D:2      | Reached ** piety under Trog
  1706 | D:2      | Noticed Natasha
  1711 | D:2      | Killed Natasha
  2308 | D:3      | Reached skill level 6 in Fighting
  3303 | D:4      | Reached skill level 5 in Maces & Flails
  3303 | D:4      | Reached XP level 7. HP: 75/75 MP: 7/7
  3422 | D:4      | Found an ancient bone altar of Kikubaaqudgha.
  3991 | D:4      | Found a staircase to the Ecumenical Temple.
  4044 | D:4      | Noticed a two-headed ogre
  4059 | D:4      | Mangled by a two-headed ogre

Vault maps used:
D:1:      ebering_trefoil_3fold
D:2:      nicolae_overflow_crystal_walls, first_ration, serial_park_tiny_1,
          uniq_natasha, uniq_sigmund
D:3:      item_on_display_a
D:4:      kennysheep_mini_moat, minmay_temple_entry_trees

Skill      XL: |  1  2  3  4  5  6 |
---------------+-------------------+-----
Dodging        | 3 4 |  4.7
Maces & Flails | 3 4 5 |  5.4
Fighting       | 5 6 |  6.5
Stealth        | |  0.7

Action                   |  1- 3 |  4- 6 |  7- 9 || total
-------------------------+-------+-------+-------++-------
Melee: Mace              |    66 |   187 |    48 ||   301
Invok: Berserk           |     1 |     4 |     2 ||     7
  Eat: Chunk             |       |    11 |     4 ||    15
Armor: Animal skin       |    28 |    56 |     4 ||    88
Dodge: Dodged            |    55 |   116 |    30 ||   201

Table legend:
 A = Spawn XP
 B = Non-spawn XP
 C = Spawn XP percentage of total XP
 D = Spawn monster count
 E = Non-spawn monster count
 F = Spawn count percentage of total count
 G = Total turns spent on level
                    A         B        C        D         E        F      G
               +---------+---------+-------+---------+---------+-------+---------
         Total |       0 |     926 |   0.0 |       0 |      83 |   0.0 |  4059
               +---------+---------+-------+---------+---------+-------+---------
           D:1 |       0 |      25 |   0.0 |       0 |      15 |   0.0 |   646
           D:2 |       0 |     395 |   0.0 |       0 |      33 |   0.0 |  1308
           D:3 |       0 |     106 |   0.0 |       0 |      19 |   0.0 |   935
           D:4 |       0 |     400 |   0.0 |       0 |      16 |   0.0 |  1170
               +---------+---------+-------+---------+---------+-------+---------
